RedWings vs Islanders

Created - 19 janvier 2021 at 21:52

Goals
1 2 3 T
RedWings 0 0 2 2
Islanders 0 0 0 0
Shots
1 2 3 T
RedWings 14 8 14 36
Islanders 8 3 10 21

1st period

No Goal

Penalties :
Elias Pettersson (NYI) for Holding (Minor) at 3:32, Tyler Myers (NYI) for Hooking (Minor) at 8:03, Richard Panik (NYI) for Slashing (Minor) at 18:16

2nd period

No Goal

Penalties :
Ben Chiarot (NYI) for Tripping (Minor) at 6:59, Patric Hornqvist (DET) for Roughing (Minor) at 14:48

3rd period

1. RedWings , Jordan Szwarz 2 (Brett Howden 5, Erik Karlsson 14) at 17:14
2. RedWings , Erik Karlsson 6 (Andrew Cogliano 10, Patric Hornqvist 14) at 18:08

Penalties :
Brett Howden (DET) for Interference (Minor) at 1:51, Patric Hornqvist (DET) for Unsportsmanlike conduct (Minor) at 18:13

Goalie Stats

John Gibson (DET), 21 saves from 21 shots - (1,000), W, 19-11-5, 60:00 minutes
Mikko Koskinen (NYI), 34 saves from 36 shots - (0,944), L, 19-23-4, 60:00 minutes

Players Stats for RedWings

Player Name              G  A  P  +/- PIM S  H  SB GA TA FO     MP     PP MP  PK MP  
------------------------------------------------------------------------------------
Andrew Cogliano          0  1  1   1  0   2  3  0  0  0  1/2    21:59   3:44   2:13 
Brayden Schenn           0  0  0   0  0   4  3  0  0  0  1/1    21:20   4:12   1:54 
Brett Howden             0  1  1   1  2   3  1  0  0  0  0/2    16:32   0:00   1:29 
Connor Murphy            0  0  0   0  0   1  0  0  0  0  0/0     3:15   3:03   0:12 
David Perron             0  0  0   0  0   4  0  0  0  0  0/0    18:58   4:12   0:00 
Dennis Gilbert           0  0  0   0  0   0  4  0  0  0  0/0    12:57   0:00   0:00 
Drew Doughty             0  0  0   0  0   2  2  0  0  0  0/0    21:35   0:00   3:16 
Erik Haula               0  0  0   1  0   1  0  0  0  0  16/26  20:28   3:44   0:42 
Erik Karlsson            1  1  2   2  0   5  2  0  0  0  0/0    22:23   4:51   2:28 
Frans Nielsen            0  0  0   1  0   1  0  0  0  0  5/8     6:51   0:00   1:57 
Jake Gardiner            0  0  0   2  0   0  2  0  0  0  0/0    19:53   2:33   2:16 
John Carlson             0  0  0   0  0   5  2  2  0  0  0/0    26:28   4:53   3:16 
Jordan Szwarz            1  0  1   1  0   1  0  0  0  0  0/0     4:54   0:00   0:00 
Kyle Brodziak            0  0  0   0  0   1  0  0  0  0  13/17  13:51   0:00   3:13 
Mark Scheifele           0  0  0   0  0   3  0  0  0  0  22/27  18:58   4:12   0:00 
Nick Jensen              0  0  0   0  0   0  0  0  0  0  0/0    13:29   0:32   0:00 
Patric Hornqvist         0  1  1   1  4   2  6  0  0  0  1/2    19:44   3:44   0:00 
Ryan Hartman             0  0  0   0  0   1  0  0  0  0  0/0    10:38   0:00   0:00 

Players Stats for Islanders

Player Name              G  A  P  +/- PIM S  H  SB GA TA FO     MP     PP MP  PK MP  
------------------------------------------------------------------------------------
Andrei Svechnikov        0  0  0   0  0   3  0  0  0  0  0/1    19:49   2:32   0:03 
Anthony Cirelli          0  0  0   0  0   1  0  1  0  0  8/23   21:19   2:32   2:26 
Anthony DeAngelo         0  0  0  -1  0   2  0  3  0  0  0/0    22:59   2:32   4:11 
Ben Chiarot              0  0  0  -1  2   2  3  2  0  0  0/0    22:09   2:32   3:22 
Brad Marchand            0  0  0   0  0   4  2  0  0  0  4/15   23:36   3:12   5:30 
Colton Sceviour          0  0  0  -1  0   0  1  1  0  0  1/5    20:59   2:10   0:08 
Dennis Cholowski         0  0  0  -1  0   1  0  3  0  0  0/0    13:20   0:00   1:25 
Elias Pettersson         0  0  0   0  2   2  4  0  0  0  6/24   21:59   3:12   3:54 
Joe Pavelski             0  0  0   0  0   0  0  1  0  0  0/0     0:49   0:00   0:00 
Jordan Greenway          0  0  0   0  0   0  0  1  0  0  1/1     3:41   0:00   0:00 
Neal Pionk               0  0  0   0  0   0  4  4  0  0  0/0    25:06   3:12   3:45 
Nick Holden              0  0  0  -1  0   0  1  1  0  0  0/0    11:55   0:00   0:00 
Nikita Gusev             0  0  0  -2  0   4  1  0  0  0  1/1    12:08   0:00   0:44 
Richard Panik            0  0  0  -1  2   1  1  0  0  0  1/1    13:21   1:02   0:00 
Sam Steel                0  0  0  -2  0   0  2  0  0  0  4/13   15:28   0:00   3:07 
Timo Meier               0  0  0   0  0   0  2  1  0  0  0/1    18:53   2:32   0:00 
Travis Dermott           0  0  0   0  0   0  0  1  0  0  0/0     1:46   0:00   0:11 
Tyler Myers              0  0  0   0  2   1  1  2  0  0  0/0    22:43   3:12   2:58 

3 Stars

1 - John Gibson (DET)
2 - Erik Karlsson (DET)
3 - Mikko Koskinen (NYI)

Power Play

RedWings - 0 on 4 Attempt(s) - 0,00%
Islanders - 0 on 3 Attempt(s) - 0,00%

Penalty Kill

RedWings - 3 on 3 Attempt(s) - 100,00% - Score 0 goal in Penalty Kill
Islanders - 4 on 4 Attempt(s) - 100,00% - Score 0 goal in Penalty Kill

Team Stat

RedWings - Hits : 25 - Faceoff Wins : 59 - Blocked Shots : 2 - Penalty Minutes : 6
Islanders - Hits : 22 - Faceoff Wins : 26 - Blocked Shots : 21 - Penalty Minutes : 8

Official

Referees : Kendrick Nicholson and Frederick L'Ecuyer
Linesman : Jim Harper and Mark Shewchyk

Game Notes

Joe Pavelski is injured at 3:17 of 1st period (Sprained Left Knee)

Finance

Level 1 -- Attendance: 6000 (100,00%) -- Ticket Income 750 000 $
Level 2 -- Attendance: 4727 (94,54%) -- Ticket Income 401 795 $
Level 3 -- Attendance: 2000 (100,00%) -- Ticket Income 150 000 $
Level 4 -- Attendance: 1795 (100,00%) -- Ticket Income 104 110 $
Luxury Box -- Attendance: 1000 (100,00%) -- Ticket Income 190 000 $
Game was played at the Barclays Center.
Total Attendance: 15522 (98,27%)
Total Ticket Income: 1 595 905 $
Other Income: 781 993 $
Total Income: 2 377 898 $

% Time on Ice - RedWings

Lines # - Real PCT - Wanted PCT - Time Play
Normal Forward
1 - 32% - 35% - 14:46
2 - 35% - 35% - 16:02
3 - 23% - 20% - 10:38
4 - 11% - 10% - 4:54
Normal Defense
1 - 40% - 45% - 18:19
2 - 33% - 35% - 15:04
3 - 28% - 20% - 12:57
4 - 0% - 0% - 0:00
PP Forward
1 - 53% - 50% - 4:12
2 - 47% - 50% - 3:44
PP Defense
1 - 62% - 60% - 4:53
2 - 38% - 40% - 3:03
PK Forward
1 - 66% - 60% - 3:47
2 - 34% - 40% - 1:57
PK Defense
1 - 57% - 60% - 3:16
2 - 43% - 40% - 2:28
PK3 Forward
1 - 0% - 60%
2 - 0% - 40%
PK3 Defense
1 - 0% - 60%
2 - 0% - 40%
44 Forward
1 - 0% - 50%
2 - 0% - 50%
44 Defense
1 - 0% - 60%
2 - 0% - 40%
Last Minute Offensive  - 0:00
Last Minute Defensive  - 0:00
Total
Forward - 60:00
Defense - 60:00

% Time on Ice - Islanders

Lines # - Real PCT - Wanted PCT - Time Play
Normal Forward
1 - 32% - 40% - 14:54
2 - 35% - 30% - 16:21
3 - 8% - 20% - 3:41
4 - 25% - 10% - 11:24
Normal Defense
1 - 36% - 40% - 16:34
2 - 35% - 30% - 16:16
3 - 26% - 20% - 11:55
4 - 3% - 10% - 1:35
PP Forward
1 - 56% - 60% - 3:12
2 - 44% - 40% - 2:32
PP Defense
1 - 56% - 60% - 3:12
2 - 44% - 40% - 2:32
PK Forward
1 - 69% - 60% - 5:30
2 - 31% - 40% - 2:26
PK Defense
1 - 47% - 60% - 3:45
2 - 53% - 40% - 4:11
PK3 Forward
1 - 0% - 60%
2 - 0% - 40%
PK3 Defense
1 - 0% - 60%
2 - 0% - 40%
44 Forward
1 - 0% - 60%
2 - 0% - 40%
44 Defense
1 - 0% - 60%
2 - 0% - 40%
Last Minute Offensive  - 0:00
Last Minute Defensive  - 0:00
Total
Forward - 60:00
Defense - 60:00

Play-by-Play

1st period


0:01 of 1st period - Mark Scheifele wins face-off versus Elias Pettersson in neutral zone.
1:18 of 1st period - Andrei Svechnikov is hit by Andrew Cogliano and loses puck.
2:37 of 1st period - Shot by Frans Nielsen.
2:37 of 1st period - Shot Misses the Net.
2:40 of 1st period - Jordan Szwarz is hit by Ben Chiarot and loses puck.
2:45 of 1st period - Shot by John Carlson.
2:45 of 1st period - Stopped by Mikko Koskinen with a rebound.
2:47 of 1st period - Shot by Drew Doughty.
2:47 of 1st period - Stopped by Mikko Koskinen without a rebound.
2:48 of 1st period - Erik Haula wins face-off versus Colton Sceviour in Islanders zone.
2:57 of 1st period - Shot by Patric Hornqvist.
2:57 of 1st period - Shot Blocked by Nick Holden.
2:59 of 1st period - Shot by Erik Karlsson.
2:59 of 1st period - Shot Blocked by Dennis Cholowski.
3:15 of 1st period - Shot by Patric Hornqvist.
3:15 of 1st period - Stopped by Mikko Koskinen without a rebound.
3:16 of 1st period - Frans Nielsen wins face-off versus Brad Marchand in Islanders zone.
3:17 of 1st period - Shot by Brett Howden.
3:17 of 1st period - Deflect By Jordan Szwarz.
3:17 of 1st period - Shot Blocked by Joe Pavelski.
3:17 of 1st period - Joe Pavelski from Islanders is injured at 3:17 of 1st period (Sprained Left Knee).
3:18 of 1st period - Elias Pettersson wins face-off versus Kyle Brodziak in Islanders zone.
3:32 of 1st period - Minor Penalty to Elias Pettersson for Holding.
3:33 of 1st period - Mark Scheifele wins face-off versus Brad Marchand in Islanders zone.
3:40 of 1st period - Shot by Erik Karlsson.
3:40 of 1st period - Shot Blocked by Neal Pionk.
4:16 of 1st period - Shot by Tyler Myers.
4:16 of 1st period - Stopped by John Gibson without a rebound.
4:17 of 1st period - Brad Marchand wins face-off versus Erik Haula in RedWings zone.
4:20 of 1st period - Shot by Nikita Gusev.
4:20 of 1st period - Stopped by John Gibson without a rebound.
4:21 of 1st period - Erik Haula wins face-off versus Anthony Cirelli in RedWings zone.
4:23 of 1st period - Icing by Connor Murphy.
4:24 of 1st period - Erik Haula wins face-off versus Brad Marchand in RedWings zone.
4:39 of 1st period - Shot by Jake Gardiner.
4:39 of 1st period - Shot Misses the Net.
4:41 of 1st period - Shot by Connor Murphy.
4:41 of 1st period - Shot Blocked by Anthony DeAngelo.
4:43 of 1st period - Shot by Jake Gardiner.
4:43 of 1st period - Shot Blocked by Ben Chiarot.
4:45 of 1st period - Shot by Connor Murphy.
4:45 of 1st period - Stopped by Mikko Koskinen with a rebound.
4:47 of 1st period - Shot by Jake Gardiner.
4:47 of 1st period - Shot Blocked by Anthony DeAngelo.
4:49 of 1st period - Shot by Andrew Cogliano.
4:49 of 1st period - Shot Misses the Net.
4:51 of 1st period - Shot by Erik Haula.
4:51 of 1st period - Shot Misses the Net.
4:53 of 1st period - Shot by Jake Gardiner.
4:53 of 1st period - Shot Misses the Net.
5:11 of 1st period - Shot by Mark Scheifele.
5:11 of 1st period - Stopped by Mikko Koskinen without a rebound.
5:12 of 1st period - Anthony Cirelli wins face-off versus Mark Scheifele in Islanders zone.
5:31 of 1st period - Shot by Erik Karlsson.
5:31 of 1st period - Stopped by Mikko Koskinen without a rebound.
5:32 of 1st period - Kyle Brodziak wins face-off versus Colton Sceviour in Islanders zone.
5:32 of 1st period - Ryan Hartman is hit by Nick Holden and loses puck.
5:53 of 1st period - Shot by Jordan Greenway.
5:53 of 1st period - Shot Misses the Net.
6:32 of 1st period - Shot by Andrei Svechnikov.
6:32 of 1st period - Stopped by John Gibson without a rebound.
6:33 of 1st period - Anthony Cirelli wins face-off versus Erik Haula in RedWings zone.
6:52 of 1st period - Icing by Tyler Myers.
6:53 of 1st period - Mark Scheifele wins face-off versus Timo Meier in Islanders zone.
7:07 of 1st period - John Carlson is hit by Timo Meier and loses puck.
7:15 of 1st period - Off-side.
7:16 of 1st period - Erik Haula wins face-off versus Elias Pettersson in neutral zone.
7:32 of 1st period - Brad Marchand is hit by Jake Gardiner and loses puck.
7:35 of 1st period - Shot by Anthony DeAngelo.
7:35 of 1st period - Stopped by John Gibson without a rebound.
7:36 of 1st period - Sam Steel wins face-off versus Mark Scheifele in RedWings zone.
7:36 of 1st period - Sam Steel is hit by John Carlson.
7:38 of 1st period - Shot by Nikita Gusev.
7:38 of 1st period - Stopped by John Gibson without a rebound.
7:39 of 1st period - Mark Scheifele wins face-off versus Elias Pettersson in RedWings zone.
7:48 of 1st period - Shot by Elias Pettersson.
7:48 of 1st period - Shot Misses the Net.
8:00 of 1st period - Shot by Mark Scheifele.
8:00 of 1st period - Shot Misses the Net.
8:03 of 1st period - Minor Penalty to Tyler Myers for Hooking.
8:04 of 1st period - Anthony Cirelli wins face-off versus Erik Haula in Islanders zone.
9:09 of 1st period - Shot by John Carlson.
9:09 of 1st period - Stopped by Mikko Koskinen with a rebound.
9:11 of 1st period - Shot by Erik Karlsson.
9:11 of 1st period - Shot Hit the Post.
9:13 of 1st period - Shot by David Perron.
9:13 of 1st period - Shot Misses the Net.
9:15 of 1st period - Shot by John Carlson.
9:15 of 1st period - Stopped by Mikko Koskinen without a rebound.
9:16 of 1st period - Mark Scheifele wins face-off versus Anthony Cirelli in Islanders zone.
9:19 of 1st period - Shot by David Perron.
9:19 of 1st period - Stopped by Mikko Koskinen without a rebound.
9:20 of 1st period - Anthony Cirelli wins face-off versus Andrew Cogliano in Islanders zone.
9:35 of 1st period - Icing by Erik Karlsson.
9:36 of 1st period - Erik Haula wins face-off versus Brad Marchand in RedWings zone.
10:12 of 1st period - Icing by Jordan Greenway.
10:13 of 1st period - Mark Scheifele wins face-off versus Colton Sceviour in Islanders zone.
10:16 of 1st period - Shot by Brayden Schenn.
10:16 of 1st period - Shot Blocked by Jordan Greenway.
10:27 of 1st period - Richard Panik is hit by Dennis Gilbert and loses puck.
12:10 of 1st period - Colton Sceviour is hit by Patric Hornqvist.
12:11 of 1st period - Icing by Colton Sceviour.
12:12 of 1st period - Brad Marchand wins face-off versus Mark Scheifele in Islanders zone.
12:26 of 1st period - Shot by Elias Pettersson.
12:26 of 1st period - Shot Misses the Net.
12:28 of 1st period - Shot by Dennis Cholowski.
12:28 of 1st period - Stopped by John Gibson without a rebound.
12:29 of 1st period - Frans Nielsen wins face-off versus Elias Pettersson in RedWings zone.
12:51 of 1st period - Shot by Elias Pettersson.
12:51 of 1st period - Deflect By Brad Marchand.
12:51 of 1st period - Shot Misses the Net.
13:36 of 1st period - Icing by Jake Gardiner.
13:37 of 1st period - Patric Hornqvist wins face-off versus Sam Steel in RedWings zone.
13:56 of 1st period - Shot by Nikita Gusev.
13:56 of 1st period - Shot Misses the Net.
13:58 of 1st period - Shot by Anthony DeAngelo.
13:58 of 1st period - Stopped by John Gibson without a rebound.
13:59 of 1st period - Mark Scheifele wins face-off versus Anthony Cirelli in RedWings zone.
14:32 of 1st period - Shot by Timo Meier.
14:32 of 1st period - Shot Misses the Net.
15:00 of 1st period - Shot by Brett Howden.
15:00 of 1st period - Stopped by Mikko Koskinen without a rebound.
15:01 of 1st period - Colton Sceviour wins face-off versus Erik Haula in Islanders zone.
15:16 of 1st period - Shot by Elias Pettersson.
15:16 of 1st period - Stopped by John Gibson without a rebound.
15:17 of 1st period - Kyle Brodziak wins face-off versus Sam Steel in RedWings zone.
15:34 of 1st period - Shot by Brett Howden.
15:34 of 1st period - Shot Misses the Net.
15:36 of 1st period - Shot by Ryan Hartman.
15:36 of 1st period - Stopped by Mikko Koskinen without a rebound.
15:37 of 1st period - Erik Haula wins face-off versus Elias Pettersson in Islanders zone.
17:31 of 1st period - Icing by Neal Pionk.
17:32 of 1st period - Sam Steel wins face-off versus Frans Nielsen in Islanders zone.
17:34 of 1st period - Icing by Neal Pionk.
17:35 of 1st period - Kyle Brodziak wins face-off versus Sam Steel in Islanders zone.
18:16 of 1st period - Minor Penalty to Richard Panik for Slashing.
18:17 of 1st period - Brayden Schenn wins face-off versus Brad Marchand in Islanders zone.
18:17 of 1st period - Mark Scheifele is hit by Ben Chiarot and loses puck.
18:22 of 1st period - Shot by Brayden Schenn.
18:22 of 1st period - Stopped by Mikko Koskinen without a rebound.
18:23 of 1st period - Mark Scheifele wins face-off versus Brad Marchand in Islanders zone.
18:37 of 1st period - Shot by Mark Scheifele.
18:37 of 1st period - Stopped by Mikko Koskinen without a rebound.
18:38 of 1st period - Brad Marchand wins face-off versus Erik Haula in Islanders zone.
19:01 of 1st period - Shot by Erik Haula.
19:01 of 1st period - Shot Blocked by Ben Chiarot.
19:03 of 1st period - Shot by Connor Murphy.
19:03 of 1st period - Shot Misses the Net.
19:31 of 1st period - Shot by Erik Karlsson.
19:31 of 1st period - Stopped by Mikko Koskinen without a rebound.
19:32 of 1st period - Mark Scheifele wins face-off versus Anthony Cirelli in Islanders zone.
Goals for this period are 0 for RedWings vs 0 for Islanders.
Shots for this period are 14 for RedWings vs 8 for Islanders.

2nd period


0:01 of 2nd period - Mark Scheifele wins face-off versus Brad Marchand in neutral zone.
0:31 of 2nd period - Icing by Anthony Cirelli.
0:32 of 2nd period - Mark Scheifele wins face-off versus Anthony Cirelli in Islanders zone.
1:22 of 2nd period - Andrei Svechnikov is hit by Brayden Schenn and loses puck.
2:04 of 2nd period - Icing by Andrew Cogliano.
2:05 of 2nd period - Sam Steel wins face-off versus Erik Haula in RedWings zone.
2:26 of 2nd period - Shot by Nikita Gusev.
2:26 of 2nd period - Shot Hit the Post.
2:28 of 2nd period - Shot by Sam Steel.
2:28 of 2nd period - Shot Misses the Net.
2:30 of 2nd period - Shot by Dennis Cholowski.
2:30 of 2nd period - Shot Misses the Net.
2:32 of 2nd period - Shot by Nikita Gusev.
2:32 of 2nd period - Stopped by John Gibson without a rebound.
2:33 of 2nd period - Frans Nielsen wins face-off versus Elias Pettersson in RedWings zone.
2:33 of 2nd period - Frans Nielsen is hit by Elias Pettersson.
2:40 of 2nd period - Brad Marchand is hit by Dennis Gilbert and loses puck.
2:55 of 2nd period - Jordan Szwarz is hit by Neal Pionk and loses puck.
2:59 of 2nd period - Frans Nielsen is hit by Tyler Myers and loses puck.
3:21 of 2nd period - Icing by Frans Nielsen.
3:22 of 2nd period - Anthony Cirelli wins face-off versus Frans Nielsen in RedWings zone.
3:34 of 2nd period - Andrei Svechnikov is hit by Dennis Gilbert and loses puck.
3:55 of 2nd period - Anthony Cirelli is hit by Drew Doughty and loses puck.
4:03 of 2nd period - Andrei Svechnikov is hit by Drew Doughty and loses puck.
4:43 of 2nd period - Sam Steel is hit by Jake Gardiner.
4:53 of 2nd period - Shot by Brayden Schenn.
4:53 of 2nd period - Stopped by Mikko Koskinen with a rebound.
5:00 of 2nd period - Off-side.
5:01 of 2nd period - Kyle Brodziak wins face-off versus Elias Pettersson in neutral zone.
5:57 of 2nd period - Shot by Andrei Svechnikov.
5:57 of 2nd period - Shot Misses the Net.
6:22 of 2nd period - Icing by Nick Holden.
6:23 of 2nd period - Erik Haula wins face-off versus Anthony Cirelli in Islanders zone.
6:59 of 2nd period - Minor Penalty to Ben Chiarot for Tripping.
7:00 of 2nd period - Mark Scheifele wins face-off versus Brad Marchand in Islanders zone.
7:01 of 2nd period - Shot by John Carlson.
7:01 of 2nd period - Stopped by Mikko Koskinen without a rebound.
7:02 of 2nd period - Brad Marchand wins face-off versus Mark Scheifele in Islanders zone.
7:21 of 2nd period - Shot by Mark Scheifele.
7:21 of 2nd period - Stopped by Mikko Koskinen without a rebound.
7:22 of 2nd period - Erik Haula wins face-off versus Brad Marchand in Islanders zone.
7:26 of 2nd period - Shot by Erik Haula.
7:26 of 2nd period - Shot Misses the Net.
7:47 of 2nd period - Shot by Erik Haula.
7:47 of 2nd period - Shot Blocked by Dennis Cholowski.
7:49 of 2nd period - Shot by Andrew Cogliano.
7:49 of 2nd period - Shot Blocked by Dennis Cholowski.
7:51 of 2nd period - Shot by Andrew Cogliano.
7:51 of 2nd period - Stopped by Mikko Koskinen without a rebound.
7:52 of 2nd period - Mark Scheifele wins face-off versus Elias Pettersson in Islanders zone.
9:04 of 2nd period - Icing by Ben Chiarot.
9:05 of 2nd period - Kyle Brodziak wins face-off versus Colton Sceviour in Islanders zone.
9:37 of 2nd period - Shot by Brett Howden.
9:37 of 2nd period - Shot Blocked by Colton Sceviour.
9:40 of 2nd period - Icing by Ben Chiarot.
9:41 of 2nd period - Jordan Greenway wins face-off versus Erik Haula in Islanders zone.
9:46 of 2nd period - Shot by Colton Sceviour.
9:46 of 2nd period - Shot Misses the Net.
10:03 of 2nd period - Shot by Andrew Cogliano.
10:03 of 2nd period - Deflect By Erik Haula.
10:03 of 2nd period - Shot Misses the Net.
10:15 of 2nd period - Shot by Andrew Cogliano.
10:15 of 2nd period - Stopped by Mikko Koskinen without a rebound.
10:16 of 2nd period - Mark Scheifele wins face-off versus Elias Pettersson in Islanders zone.
10:36 of 2nd period - Brayden Schenn is hit by Neal Pionk.
10:48 of 2nd period - Shot by David Perron.
10:48 of 2nd period - Shot Misses the Net.
10:55 of 2nd period - Icing by Neal Pionk.
10:56 of 2nd period - Elias Pettersson wins face-off versus Brett Howden in Islanders zone.
10:56 of 2nd period - Elias Pettersson is hit by Brett Howden.
11:12 of 2nd period - Shot by Frans Nielsen.
11:12 of 2nd period - Stopped by Mikko Koskinen without a rebound.
11:13 of 2nd period - Erik Haula wins face-off versus Anthony Cirelli in Islanders zone.
11:16 of 2nd period - Shot by Andrew Cogliano.
11:16 of 2nd period - Shot Misses the Net.
11:36 of 2nd period - Nick Holden is hit by Patric Hornqvist and loses puck.
11:42 of 2nd period - Icing by Timo Meier.
11:43 of 2nd period - Mark Scheifele wins face-off versus Anthony Cirelli in Islanders zone.
11:47 of 2nd period - Icing by Dennis Cholowski.
11:48 of 2nd period - Mark Scheifele wins face-off versus Andrei Svechnikov in Islanders zone.
12:08 of 2nd period - Anthony Cirelli is hit by John Carlson and loses puck.
12:21 of 2nd period - Shot by Elias Pettersson.
12:21 of 2nd period - Stopped by John Gibson without a rebound.
12:22 of 2nd period - Erik Haula wins face-off versus Elias Pettersson in RedWings zone.
14:14 of 2nd period - Shot by David Perron.
14:14 of 2nd period - Stopped by Mikko Koskinen without a rebound.
14:15 of 2nd period - Anthony Cirelli wins face-off versus Erik Haula in Islanders zone.
14:15 of 2nd period - Anthony Cirelli is hit by Patric Hornqvist.
14:48 of 2nd period - Minor Penalty to Patric Hornqvist for Roughing.
14:49 of 2nd period - Kyle Brodziak wins face-off versus Elias Pettersson in RedWings zone.
15:02 of 2nd period - Andrew Cogliano is hit by Brad Marchand and loses puck.
15:41 of 2nd period - Erik Karlsson is hit by Elias Pettersson and loses puck.
16:26 of 2nd period - Shot by Andrei Svechnikov.
16:26 of 2nd period - Stopped by John Gibson without a rebound.
16:27 of 2nd period - Kyle Brodziak wins face-off versus Elias Pettersson in RedWings zone.
16:35 of 2nd period - Icing by Tyler Myers.
16:36 of 2nd period - Andrew Cogliano wins face-off versus Elias Pettersson in Islanders zone.
17:36 of 2nd period - Shot by Andrei Svechnikov.
17:36 of 2nd period - Shot Hit the Post.
18:31 of 2nd period - Shot by Drew Doughty.
18:31 of 2nd period - Shot Misses the Net.
18:33 of 2nd period - Shot by Drew Doughty.
18:33 of 2nd period - Stopped by Mikko Koskinen without a rebound.
18:34 of 2nd period - Elias Pettersson wins face-off versus Patric Hornqvist in Islanders zone.
18:34 of 2nd period - Neal Pionk is hit by Patric Hornqvist.
18:51 of 2nd period - Colton Sceviour is hit by Erik Karlsson.
Goals for this period are 0 for RedWings vs 0 for Islanders.
Shots for this period are 8 for RedWings vs 3 for Islanders.

3rd period


0:01 of 3rd period - Mark Scheifele wins face-off versus Elias Pettersson in neutral zone.
0:31 of 3rd period - Shot by Brad Marchand.
0:31 of 3rd period - Stopped by John Gibson without a rebound.
0:32 of 3rd period - Anthony Cirelli wins face-off versus Erik Haula in RedWings zone.
0:42 of 3rd period - Erik Haula is hit by Ben Chiarot and loses puck.
1:03 of 3rd period - Anthony Cirelli is hit by Patric Hornqvist and loses puck.
1:09 of 3rd period - Andrei Svechnikov is hit by Patric Hornqvist.
1:39 of 3rd period - Elias Pettersson is hit by Brayden Schenn and loses puck.
1:46 of 3rd period - Shot by Mark Scheifele.
1:46 of 3rd period - Shot Blocked by Neal Pionk.
1:48 of 3rd period - Shot by Mark Scheifele.
1:48 of 3rd period - Deflect By David Perron.
1:48 of 3rd period - Shot Blocked by Travis Dermott.
1:50 of 3rd period - Shot by John Carlson.
1:50 of 3rd period - Stopped by Mikko Koskinen without a rebound.
1:51 of 3rd period - Richard Panik wins face-off versus Brett Howden in Islanders zone.
1:51 of 3rd period - Minor Penalty to Brett Howden for Interference.
1:52 of 3rd period - Elias Pettersson wins face-off versus Kyle Brodziak in RedWings zone.
2:38 of 3rd period - Ben Chiarot is hit by Brayden Schenn and loses puck.
2:45 of 3rd period - Shot by Brayden Schenn.
2:45 of 3rd period - Shot Misses the Net.
2:47 of 3rd period - Shot by Brayden Schenn.
2:47 of 3rd period - Shot Misses the Net.
2:49 of 3rd period - Shot by Erik Karlsson.
2:49 of 3rd period - Stopped by Mikko Koskinen without a rebound.
2:50 of 3rd period - Kyle Brodziak wins face-off versus Anthony Cirelli in Islanders zone.
2:57 of 3rd period - Shot by Brayden Schenn.
2:57 of 3rd period - Shot Misses the Net.
3:46 of 3rd period - Frans Nielsen is hit by Colton Sceviour and loses puck.
4:21 of 3rd period - Icing by Sam Steel.
4:22 of 3rd period - Sam Steel wins face-off versus Erik Haula in Islanders zone.
4:22 of 3rd period - Sam Steel is hit by Andrew Cogliano.
4:48 of 3rd period - Shot by Andrew Cogliano.
4:48 of 3rd period - Deflect By Patric Hornqvist.
4:48 of 3rd period - Stopped by Mikko Koskinen without a rebound.
4:49 of 3rd period - Mark Scheifele wins face-off versus Anthony Cirelli in Islanders zone.
4:49 of 3rd period - Erik Karlsson is hit by Neal Pionk and loses puck.
5:18 of 3rd period - Brayden Schenn is hit by Neal Pionk and loses puck.
5:54 of 3rd period - Drew Doughty is hit by Elias Pettersson and loses puck.
7:16 of 3rd period - Shot by Nikita Gusev.
7:16 of 3rd period - Stopped by John Gibson with a rebound.
7:18 of 3rd period - Shot by Nick Holden.
7:18 of 3rd period - Deflect By Richard Panik.
7:18 of 3rd period - Stopped by John Gibson without a rebound.
7:19 of 3rd period - Anthony Cirelli wins face-off versus Mark Scheifele in RedWings zone.
7:36 of 3rd period - Shot by Anthony Cirelli.
7:36 of 3rd period - Deflect By Andrei Svechnikov.
7:36 of 3rd period - Shot Blocked by John Carlson.
8:06 of 3rd period - Shot by Erik Haula.
8:06 of 3rd period - Shot Blocked by Timo Meier.
8:08 of 3rd period - Shot by Patric Hornqvist.
8:08 of 3rd period - Shot Misses the Net.
8:10 of 3rd period - Shot by Erik Karlsson.
8:10 of 3rd period - Stopped by Mikko Koskinen with a rebound.
8:12 of 3rd period - Shot by Erik Karlsson.
8:12 of 3rd period - Shot Blocked by Neal Pionk.
8:14 of 3rd period - Shot by Patric Hornqvist.
8:14 of 3rd period - Shot Blocked by Neal Pionk.
8:16 of 3rd period - Shot by Andrew Cogliano.
8:16 of 3rd period - Shot Blocked by Tyler Myers.
8:36 of 3rd period - Icing by Anthony Cirelli.
8:37 of 3rd period - Frans Nielsen wins face-off versus Anthony Cirelli in Islanders zone.
8:40 of 3rd period - Shot by Brett Howden.
8:40 of 3rd period - Stopped by Mikko Koskinen with a rebound.
8:45 of 3rd period - Off-side.
8:46 of 3rd period - Elias Pettersson wins face-off versus Kyle Brodziak in neutral zone.
9:09 of 3rd period - Shot by Brad Marchand.
9:09 of 3rd period - Shot Misses the Net.
9:11 of 3rd period - Shot by Colton Sceviour.
9:11 of 3rd period - Shot Misses the Net.
9:13 of 3rd period - Shot by Ben Chiarot.
9:13 of 3rd period - Stopped by John Gibson without a rebound.
9:14 of 3rd period - Mark Scheifele wins face-off versus Sam Steel in RedWings zone.
9:19 of 3rd period - Shot by David Perron.
9:19 of 3rd period - Shot Misses the Net.
9:57 of 3rd period - Brayden Schenn is hit by Richard Panik and loses puck.
10:03 of 3rd period - Mark Scheifele is hit by Sam Steel and loses puck.
10:22 of 3rd period - John Carlson is hit by Nikita Gusev and loses puck.
11:04 of 3rd period - Icing by Anthony DeAngelo.
11:05 of 3rd period - Kyle Brodziak wins face-off versus Brad Marchand in Islanders zone.
11:08 of 3rd period - Shot by Brett Howden.
11:08 of 3rd period - Shot Misses the Net.
11:10 of 3rd period - Shot by Brett Howden.
11:10 of 3rd period - Stopped by Mikko Koskinen without a rebound.
11:11 of 3rd period - Kyle Brodziak wins face-off versus Anthony Cirelli in Islanders zone.
11:29 of 3rd period - Andrei Svechnikov is hit by Erik Karlsson and loses puck.
12:05 of 3rd period - Icing by Erik Karlsson.
12:06 of 3rd period - Kyle Brodziak wins face-off versus Brad Marchand in RedWings zone.
12:29 of 3rd period - Shot by Brad Marchand.
12:29 of 3rd period - Stopped by John Gibson with a rebound.
12:31 of 3rd period - Shot by Colton Sceviour.
12:31 of 3rd period - Deflect By Brad Marchand.
12:31 of 3rd period - Stopped by John Gibson without a rebound.
12:32 of 3rd period - Erik Haula wins face-off versus Sam Steel in RedWings zone.
12:34 of 3rd period - Icing by Patric Hornqvist.
12:35 of 3rd period - Erik Haula wins face-off versus Sam Steel in RedWings zone.
12:35 of 3rd period - Erik Haula is hit by Sam Steel.
13:11 of 3rd period - Nikita Gusev is hit by Dennis Gilbert.
13:28 of 3rd period - Icing by Nick Jensen.
13:29 of 3rd period - Erik Haula wins face-off versus Anthony Cirelli in RedWings zone.
13:29 of 3rd period - Erik Haula is hit by Timo Meier.
13:59 of 3rd period - Shot by Brayden Schenn.
13:59 of 3rd period - Shot Misses the Net.
14:01 of 3rd period - Shot by John Carlson.
14:01 of 3rd period - Shot Misses the Net.
14:03 of 3rd period - Shot by David Perron.
14:03 of 3rd period - Shot Misses the Net.
14:09 of 3rd period - Shot by David Perron.
14:09 of 3rd period - Stopped by Mikko Koskinen without a rebound.
14:10 of 3rd period - Kyle Brodziak wins face-off versus Elias Pettersson in Islanders zone.
14:43 of 3rd period - Icing by Neal Pionk.
14:44 of 3rd period - Mark Scheifele wins face-off versus Elias Pettersson in Islanders zone.
15:43 of 3rd period - Shot by Anthony Cirelli.
15:43 of 3rd period - Stopped by John Gibson with a rebound.
16:01 of 3rd period - Shot by Andrew Cogliano.
16:01 of 3rd period - Shot Blocked by Anthony Cirelli.
16:35 of 3rd period - Icing by Jake Gardiner.
16:36 of 3rd period - Kyle Brodziak wins face-off versus Elias Pettersson in RedWings zone.
16:36 of 3rd period - Kyle Brodziak is hit by Elias Pettersson.
16:51 of 3rd period - Shot by Kyle Brodziak.
16:51 of 3rd period - Stopped by Mikko Koskinen without a rebound.
16:52 of 3rd period - Mark Scheifele wins face-off versus Sam Steel in Islanders zone.
17:04 of 3rd period - Icing by Nick Holden.
17:05 of 3rd period - Nikita Gusev wins face-off versus Frans Nielsen in Islanders zone.
17:12 of 3rd period - Shot by Brett Howden.
17:12 of 3rd period - Shot Misses the Net.
17:14 of 3rd period - Shot by Jordan Szwarz.
17:14 of 3rd period - Goal by Jordan Szwarz - RedWings : 1 - Islanders : 0.
17:15 of 3rd period - Mark Scheifele wins face-off versus Elias Pettersson in neutral zone.
17:22 of 3rd period - Shot by Brayden Schenn.
17:22 of 3rd period - Stopped by Mikko Koskinen with a rebound.
17:24 of 3rd period - Shot by John Carlson.
17:24 of 3rd period - Shot Blocked by Tyler Myers.
17:32 of 3rd period - Shot by David Perron.
17:32 of 3rd period - Shot Misses the Net.
17:50 of 3rd period - Shot by Brayden Schenn.
17:50 of 3rd period - Stopped by Mikko Koskinen with a rebound.
17:54 of 3rd period - Shot by David Perron.
17:54 of 3rd period - Stopped by Mikko Koskinen without a rebound.
17:55 of 3rd period - Erik Haula wins face-off versus Sam Steel in Islanders zone.
18:00 of 3rd period - Shot by Patric Hornqvist.
18:00 of 3rd period - Deflect By Erik Haula.
18:00 of 3rd period - Stopped by Mikko Koskinen without a rebound.
18:01 of 3rd period - Erik Haula wins face-off versus Sam Steel in Islanders zone.
18:06 of 3rd period - Shot by Andrew Cogliano.
18:06 of 3rd period - Shot Blocked by Anthony DeAngelo.
18:08 of 3rd period - Shot by Erik Karlsson.
18:08 of 3rd period - Goal by Erik Karlsson - RedWings : 2 - Islanders : 0.
18:09 of 3rd period - Erik Haula wins face-off versus Anthony Cirelli in neutral zone.
18:13 of 3rd period - Minor Penalty to Patric Hornqvist for Unsportsmanlike conduct.
18:14 of 3rd period - Elias Pettersson wins face-off versus Kyle Brodziak in RedWings zone.
18:41 of 3rd period - Shot by Elias Pettersson.
18:41 of 3rd period - Deflect By Brad Marchand.
18:41 of 3rd period - Stopped by John Gibson with a rebound.
18:49 of 3rd period - Colton Sceviour is hit by Andrew Cogliano and loses puck.
18:56 of 3rd period - Kyle Brodziak is hit by Brad Marchand and loses puck.
19:11 of 3rd period - Shot by Anthony DeAngelo.
19:11 of 3rd period - Shot Blocked by John Carlson.
19:13 of 3rd period - Shot by Ben Chiarot.
19:13 of 3rd period - Stopped by John Gibson with a rebound.
19:15 of 3rd period - Shot by Anthony DeAngelo.
19:15 of 3rd period - Deflect By Andrei Svechnikov.
19:15 of 3rd period - Stopped by John Gibson without a rebound.
19:16 of 3rd period - Frans Nielsen wins face-off versus Anthony Cirelli in RedWings zone.
Goals for this period are 2 for RedWings vs 0 for Islanders.
Shots for this period are 14 for RedWings vs 10 for Islanders.